 Dungeon Crawl Stone Soup version 0.30-a0-52-g86a8295270 (webtiles) character file.

Game seed: 6695760831429054956

3041 drugrobin the Slicer (level 9, -5/68 HPs)
             Began as a Demigod Delver on Sept 6, 2022.
             Killed from afar by an electric eel (7 damage)
             ... with a bolt of electricity
             ... on level 8 of the Dungeon.
             The game lasted 00:20:25 (9816 turns).

drugrobin the Slicer (Demigod Delver)               Turns: 9816, Time: 00:20:26

Health: -5/68      AC:  7    Str: 17    XL:     9   Next: 31%
Magic:  11/11      EV: 12    Int: 16    God:
Gold:   253        SH:  0    Dex: 25    Spells: 4/8 levels left

rFire   + . .      SeeInvis .    a - +5 rapier of the Inferno {drain, rF+ rN+}
rCold   . . .      Faith    .    (no shield)
rNeg    + . .      Spirit   .    m - +0 leather armour
rPois   .          Reflect  .    z - +0 helmet
rElec   .          Harm     .    (no cloak)
rCorr   .          Rampage  .    (no gloves)
Will    .....                    v - +2 pair of boots
Stlth   +++.......               (no amulet)
HPRegen 0.21/turn                u - ring of wizardry
MPRegen 0.12/turn                x - +6 ring of dexterity

@: no status effects
A: high MP 1, forlorn, divine attributes
a: no special abilities


You were on level 8 of the Dungeon.
You visited 2 branches of the dungeon, and saw 9 of its levels.
You also visited: Ossuary.

You collected 423 gold pieces.
You spent 170 gold pieces at shops.

Inventory:

Hand Weapons
 a - the +5 rapier of the Inferno (weapon) {drain, rF+ rN+}
   (You found it on level 4 of the Dungeon)

   A truly terrible weapon, it drains the life of any living foe it strikes.
   rF:        It protects you from fire.
   rN:        It protects you from negative energy.
 b - a +4 sling
 c - a +4 rapier of speed
 d - a +5 dagger of freezing
 t - a +1 short sword of protection
Missiles
 r - 7 poisoned darts (quivered)
 O - 5 javelins
Armour
 h - a +0 scale mail
 m - a +0 leather armour (worn)
 o - an orb of mayhem
 v - a +2 pair of boots (worn)
 z - a +0 helmet (worn)
Magical Staves
 F - a staff of fire
Jewellery
 u - a ring of wizardry (left hand)
 x - a +6 ring of dexterity (right hand)
 N - a ring of protection from cold
 Q - a ring of willpower
Wands
 e - a wand of polymorph (5)
 g - a wand of digging (5)
Scrolls
 k - 4 scrolls of fear
 l - 8 scrolls of identify {unknown}
 p - 5 scrolls of teleportation {unknown}
 q - 3 scrolls of noise {unknown}
 s - a scroll of fog
 y - 5 scrolls of butterflies {unknown}
 A - a scroll of enchant weapon {unknown}
 B - 5 scrolls of magic mapping
 C - 2 scrolls of amnesia {unknown}
 D - a scroll of poison {unknown}
 H - a scroll of blinking {unknown}
 I - a scroll of enchant armour {unknown}
 K - a scroll of torment {unknown}
 L - a scroll of vulnerability {unknown}
 M - a scroll of brand weapon {unknown}
Potions
 f - 2 potions of lignification {unknown}
 i - 3 potions of heal wounds {unknown}
 j - 2 potions of mutation {unknown}
 n - 9 potions of curing
 w - 2 potions of degeneration {unknown}
 E - a potion of might {unknown}
 G - 3 potions of ambrosia {unknown}
 J - a potion of invisibility {unknown}
 P - 2 potions of haste


   Skills:
 - Level 2.6 Fighting
 + Level 9.9 Short Blades
 - Level 1.7 Dodging
 - Level 4.5 Stealth
 + Level 7.4 Hexes


You had 4 spell levels left.
You knew the following spells:

 Your Spells              Type           Power      Damage    Failure   Level
a - Sting                 Tmut/Pois      0%         1d3       12%         1
b - Dazzling Flash        Conj/Hex       22%        N/A       9%          3

Your spell library contained the following spells:

 Spells                   Type           Power      Damage    Failure   Level
 Cause Fear               Hex            11%        N/A       6%          4
 Inner Flame              Hex/Fire       11%        N/A       9%          3
 Poisonous Vapours        Pois/Air       0%         N/A       19%         2
 Static Discharge         Conj/Air       0%         3-3/arc   19%         2
 Dispel Undead            Necr           0%         3d6       73%         4
 Iskenderun's Mystic Bla  Conj/Tloc      0%         2d3       73%         4
 Olgreb's Toxic Radiance  Pois           0%         N/A       73%         4
 Sticky Flame             Conj/Fire      0%         2d3       73%         4
 Starburst                Conj/Fire      0%         6d3       100%        6
 Discord                  Hex            11%        N/A       100%        8


Dungeon Overview and Level Annotations

Branches:
Dungeon (8/15)             Temple (1/1) D:5         Ossuary (visited)
   Lair: D:8-11

Shops:
D:2 (   D:3 **:   D:5 (

Annotations:
D:2 1 runed translucent door, Crazy Yiuf
D:5 3 runed translucent doors, scionoferis's ghost, novice NaWr
D:7 2 transporters, exclusion: ice statue, LnG's ghost, novice HOFi


Innate Abilities, Weirdness & Mutations

You have an increased reservoir of magic. (+10% MP)
You shall have no god before yourself.
Your divine heritage dramatically boosts your attributes as you level up.


Message History

You closely miss the necrophage.
The necrophage is heavily damaged.
The necrophage hits you but does no damage.
You hit the necrophage.
The necrophage is heavily damaged.
The necrophage hits you but does no damage.
You puncture the necrophage!
The necrophage is almost destroyed.
You hit the necrophage.
The necrophage is almost destroyed.
The necrophage hits you but does no damage.
You puncture the necrophage!
You destroy the necrophage!
l - 8 scrolls labelled ZAD ZUUHADEO (gained 1)
You now have 253 gold pieces (gained 15).
Unknown command.
Unknown command.
The unseen horror simulacrum hits you.
The unseen horror simulacrum freezes you!!
You puncture the unseen horror simulacrum!
The unseen horror simulacrum is heavily damaged.
The unseen horror simulacrum hits you but does no damage.
The unseen horror simulacrum hits you.
The unseen horror simulacrum freezes you!!
You puncture the unseen horror simulacrum!
The unseen horror simulacrum vaporises!
The electric eel shoots out a bolt of lightning at you!
The bolt of electricity hits you!
* * * LOW HITPOINT WARNING * * *
The electric eel shoots out a bolt of lightning at you!
The bolt of electricity hits you!
* * * LOW HITPOINT WARNING * * *
There is a stone staircase leading up here.
Unknown command.
Unknown command.
Unknown command.
Unknown command.
The electric eel shoots out a bolt of lightning at you!
The bolt of electricity hits you!
You die...

.....#...#..........
###>.#............[.
#..#...........[.. ..
#...............<.
....####.............†.)
#.......................
....###.................
#...####..............).
.......@................
..#.......#.............
#.......#.......#.....
..................##....
.....~.........#........
....~.≈~S)~....###......
..#..~≈~≈~.....# #.....#
.....~~~~~~....# ##....#
...~~S≈~.....###...###


You could see an electric eel.

Vanquished Creatures
  A polar bear (D:8)
  A wraith (Ossuary)
  Grum (D:8)
  An unseen horror simulacrum (D:8)
  An acid dragon (D:7)
  2 water moccasins
  Duvessa (D:7)
  An orc warrior (D:6)
  3 ice beasts
  3 wolves
  A necrophage (D:8)
  A bullfrog (D:6)
  A scorpion (D:7)
  4 wights (D:6)
  Dowan (D:7)
  6 orc priests
  3 jellies
  2 hounds
  A gnoll bouda (D:7)
  3 iguanas
  Terence (D:2)
  2 orc wizards
  4 mummies
  Robin (D:4)
  8 gnolls
  6 adders
  A worm (D:3)
  2 dart slugs (D:2)
  21 orcs
  4 ball pythons
  A bat (D:3)
  7 endoplasms
  2 giant cockroaches
  18 goblins
  4 hobgoblins
  3 jackals (D:5)
  6 kobolds
  3 quokkas
  3 frilled lizards
  6 goblin zombies (Ossuary)
  A hobgoblin zombie (D:6)
  5 kobold zombies
  3 rats
150 creatures vanquished.

Vanquished Creatures (collateral kills)
  A wolf (D:8)
  An orc priest (D:8)
  5 orcs (D:8)
7 creatures vanquished.

Vanquished Creatures (others)
  16 plants (D:5)
16 creatures vanquished.

Grand Total: 173 creatures vanquished

Notes
Turn   | Place    | Note
-------+----------+-------------------------------------------
     0 | D:5      | drugrobin the Demigod Delver began the quest for the Orb.
     0 | D:5      | Reached XP level 1. HP: 18/18 MP: 3/3
    13 | D:5      | Found a runed translucent gate.
    14 | D:5      | Found a runed translucent gate.
    16 | D:5      | Found a runed translucent gate.
    16 | D:5      | Noticed a howler monkey
    21 | D:5      | Noticed scionoferis's ghost (novice NaWr)
    28 | D:5      | Noticed a water moccasin
   117 | D:5      | Found a staircase to the Ecumenical Temple.
   131 | D:5      | Noticed a jelly
   144 | Temple   | Entered the Ecumenical Temple
   170 | D:5      | Noticed an orc priest
   178 | D:5      | Reached skill level 2 in Short Blades
   379 | D:4      | Reached XP level 2. HP: 25/25 MP: 4/4
  1033 | D:2      | Learned a level 1 spell: Sting
  1407 | D:1      | Reached skill level 3 in Short Blades
  1895 | D:2      | Reached XP level 3. HP: 30/30 MP: 5/5
  1914 | D:2      | Noticed Terence
  2013 | D:2      | Found Dienajo's Weapon Boutique.
  2030 | D:2      | Bought 3 poisoned darts for 16 gold pieces
  2176 | D:2      | Found a runed translucent door.
  2177 | D:2      | Noticed Crazy Yiuf
  2242 | D:2      | Killed Terence
  2243 | D:2      | Reached skill level 4 in Short Blades
  2553 | D:3      | Found Sogga's Assorted Antiques.
  2557 | D:3      | Bought a glowing rapier for 154 gold pieces
  2571 | D:3      | Reached XP level 4. HP: 32/37 MP: 6/6
  2617 | D:3      | Found Eppiphue's General Store.
  2777 | D:3      | Found Rulasm's Book Shop.
  3434 | D:4      | Noticed Robin
  3749 | D:4      | Reached skill level 5 in Short Blades
  3749 | D:4      | Reached XP level 5. HP: 42/42 MP: 4/7
  3866 | D:4      | Killed Robin
  4035 | D:4      | Identified the +5 rapier of the Inferno {drain, rF+ rN+}
  4861 | D:5      | Reached skill level 6 in Short Blades
  4861 | D:5      | Reached XP level 6. HP: 50/50 MP: 6/8
  5001 | D:5      | Learned a level 3 spell: Dazzling Flash
  5040 | D:5      | Found Hayno's Weapon Shop.
  5741 | D:5      | Noticed a water moccasin
  5745 | D:5      | Killed a water moccasin
  5746 | D:5      | Reached skill level 1 in Hexes
  6157 | D:6      | Found a sand-covered staircase.
  6163 | Ossuary  | Entered an ossuary
  6163 | Ossuary  | Noticed a wraith
  6163 | Ossuary  | Noticed a wraith
  6163 | Ossuary  | Noticed a wraith
  6296 | Ossuary  | Noticed a wraith
  6303 | Ossuary  | Killed a wraith
  6304 | Ossuary  | Reached skill level 7 in Short Blades
  6304 | Ossuary  | Reached XP level 7. HP: 47/56 MP: 9/9
  7093 | D:6      | Reached XP level 8. HP: 62/62 MP: 5/10
  7094 | D:6      | Reached skill level 8 in Short Blades
  7192 | D:6      | Reached skill level 5 in Hexes
  7634 | D:7      | Found a transporter.
  7695 | D:7      | Found a transporter.
  7699 | D:7      | Noticed LnG's ghost (novice HOFi)
  7719 | D:7      | Noticed an ice statue
  8396 | D:7      | Noticed Duvessa
  8396 | D:7      | Noticed Dowan
  8401 | D:7      | Killed Duvessa
  8414 | D:7      | Killed Dowan
  8783 | D:8      | Reached skill level 9 in Short Blades
  8801 | D:8      | Noticed Grum
  9129 | D:7      | Reached XP level 9. HP: 43/68 MP: 11/11
  9569 | D:8      | Killed Grum
  9815 | D:8      | HP: 1/68 [electric eel/bolt of electricity (10)]
  9816 | D:8      | Killed from afar by an electric eel

Illustrated notes

Levels and vault maps discovered:
D:1:      lemuel_arrival_funnel, layout_basic
D:2:      layout_rooms, serial_shops, nicolae_diamond_shop,
          basic_ecumenical_altar, uniq_terence, uniq_crazy_yiuf_cottage
D:3:      layout_loops_ring, serial_shops, nicolae_shop_hallway_stairs, shop,
          nicolae_shop_stone
D:4:      layout_rooms, feat_on_display, uniq_robin
D:5:      layout_layer_cave, minmay_temple_entry_butterflies, serial_shops,
          nicolae_shop_trees, serial_bayou, serial_bayou_pond_c,
          serial_bayou_pond_d, serial_bayou_lake_a, serial_bayou_crossing,
          gammafunk_ghost_split
D:6:      layout_rooms, nicolae_ossuary_entry_monument, minmay_mini_ossuary
D:7:      layout_loops_cross, nemelex_diamond_rough_becter, nzn_ghost_randoct,
          minmay_small_thing, uniq_duvessa
D:8:      layout_cave_pools, trog_butcher_becter, serial_ice, serial_ice_f,
          serial_ice_g, serial_ice_d, serial_ice_l, uniq_grum
Temple:   dpeg_five_rooms_temple

Skill      XL: |  1  2  3  4  5  6  7  8  9 |
---------------+----------------------------+-----
Short Blades   | 2 3 4 5 6 7 9 |  9.9
Hexes          | 2 4 6 7 |  7.4
Fighting       | |  2.6
Dodging        | |  1.7
Stealth        | |  4.5

Action                   |  1- 3 |  4- 6 |  7- 9 || total
-------------------------+-------+-------+-------++-------
Melee: Short sword       |   118 |       |       ||   118
       Rapier            |     5 |   170 |   173 ||   348
       Punch             |     1 |     3 |     3 ||     7
 Fire: Sling             |     8 |       |       ||     8
Throw: Dart              |       |     2 |     6 ||     8
       Javelin           |       |     2 |       ||     2
 Cast: Sting             |     6 |     7 |    13 ||    26
       Dazzling Flash    |       |       |     4 ||     4
  Use: Scroll            |     1 |     1 |       ||     2
       Potion            |     1 |       |     2 ||     3
 Stab: Sleeping          |     4 |    10 |     4 ||    18
       Distracted        |       |     1 |     1 ||     2
       Invisible         |       |       |     4 ||     4
Armor: Leather armour    |    27 |    19 |    46 ||    92
       Scale mail        |       |     9 |       ||     9
       Skin              |       |       |     2 ||     2
Dodge: Dodged            |    74 |    66 |   100 ||   240

Table legend: (Time is in decaauts)
 A = Elapsed time spent in this place.
 B = Non-inter-level travel time spent in this place.
 C = Inter-level travel time spent in this place.
 D = Time resting spent in this place.
 E = Time spent auto-exploring this place.
 F = Levels seen in this place.
 G = Mean time per level.
                   A        B        C        D        E       F      G
               +--------+--------+--------+--------+--------+-----+--------+
         Total |   9756 |   9340 |    416 |   1956 |   5480 |  10 |  975.6 |
       Dungeon |   9224 |   8808 |    416 |   1940 |   5126 |   8 | 1153.0 |
        Temple |     13 |     13 |      0 |      0 |      0 |   1 |   13.0 |
       Ossuary |    518 |    518 |      0 |     16 |    354 |   1 |  518.0 |
               +--------+--------+--------+--------+--------+-----+--------+

Top non-repeatable levels by time:
     D:3: 1827 daAuts
     D:7: 1801 daAuts
     D:5: 1638 daAuts
     D:6: 1092 daAuts
     D:4: 983 daAuts
     D:1: 783 daAuts
     D:2: 771 daAuts
 Ossuary: 518 daAuts
     D:8: 326 daAuts
  Temple: 13 daAuts
